 Dungeon Sprint DCSS version 0.21.1-1-g345015f (webtiles) character file.

173 Psiloshibe the Vexing (level 5, 0/43 HPs)
             Began as a Barachi Arcane Marksman on May 28, 2018.
             Was an Initiate of Okawaru.
             Slain by an unseen horror (8 damage)
             ... in the Dungeon (Sprint IX: "|||||||||||||||||||||||||||||").
             The game lasted 00:03:16 (255 turns).

Psiloshibe the Vexing (Barachi Arcane Marksman)      Turns: 255, Time: 00:03:17

Health: 0/43       AC: 12    Str: 12    XL:     5   Next: 53%
Magic:  6/9        EV: 13    Int: 13    God:    Okawaru [......]
Gold:   0          SH:  0    Dex: 13    Spells: 8/9 levels left

rFire    . . .     SeeInvis .   a - +2 scimitar (flame)
rCold    . . .     Gourm    .   (no shield)
rNeg     . . .     Faith    .   u - +1 scale mail
rPois    .         Spirit   .   s - +0 helmet
rElec    .         Reflect  .   (no cloak)
rCorr    .         Harm     .   t - +0 pair of gloves
MR       .....     NoTele   +   (no boots)
Stlth    ..........             (no amulet)
HPRegen  0.14/turn              v - +2 ring of protection
MPRegen  0.11/turn              w - +2 ring of evasion

@: slow
A: +LOS, swims, slowness 1, strong legs 1
a: Hop, Renounce Religion


You were in the Dungeon.
You worshipped Okawaru.
Okawaru was noncommittal.
You were not hungry.

You visited 1 branch

Inventory:

Hand Weapons
 a - a +2 scimitar of flaming (weapon)
 b - the +2 morningstar of Yptokoyr {crush, Int+2}
   (You found it in the Dungeon)

   It inflicts extra damage upon your enemies.
   It affects your intelligence (+2).
 c - a +2 rapier of distortion
Missiles
 d - 2 throwing nets
 q - 4 javelins (quivered)
Armour
 r - a +0 robe
 s - a +0 helmet (worn)
 t - a +0 pair of gloves (worn)
 u - a +1 scale mail (worn)
Jewellery
 v - a +2 ring of protection (left hand)
 w - a +2 ring of evasion (right hand)
Wands
 o - a wand of acid (10)
Scrolls
 k - 2 scrolls of blinking
 m - 3 scrolls of remove curse
 n - 2 scrolls of amnesia
Potions
 e - 5 potions of curing
 g - a potion of invisibility
 h - a potion of haste
 i - 4 potions of magic
 j - 2 potions of heal wounds
Books
 p - a book of Debilitation

   Spells                             Type                      Level
   a - Corona                         Hexes                        1
   b - Slow                           Hexes                        2
   c - Inner Flame                    Hexes/Fire                   3
   d - Portal Projectile              Hexes/Translocation          3
   e - Cause Fear                     Hexes                        4
   f - Leda's Liquefaction            Hexes/Earth                  4
Comestibles
 f - a ration


   Skills:
 * Level 4.7 Fighting
 + Level 1.0 Long Blades
 * Level 5.0 Throwing
 * Level 4.5 Armour
 + Level 4.7 Dodging
 + Level 3.7 Unarmed Combat
 + Level 2.8 Spellcasting
 + Level 6.4 Hexes


You had 8 spell levels left.
You knew the following spells:

 Your Spells              Type           Power        Failure   Level  Hunger
a - Corona                Hex            ###....      8%          1    #......


Dungeon Overview and Level Annotations

Branches:
Dungeon (1/1)

Altars:
Cheibriados
Dithmenos
Elyvilon
Fedhas
Gozag
Hepliaklqana
Kikubaaqudgha
Makhleb
Nemelex Xobeh
Okawaru
Qazlal
Ru
Sif Muna
Trog
Uskayaw
Vehumet
Wu Jian
Xom
Yredelemnul
Zin
The Shining One
Beogh
Jiyva
Lugonu


Innate Abilities, Weirdness & Mutations

Shadows flee at your approach. (+LOS)
You can swim through water.
You cover ground slowly.
You can hop short distances.


Message History

Your Long Blades skill increases to level 1!
Your Throwing skill increases to level 5!
Something hits you. Something hits you but does no damage.
Casting: Corona
Confirm with . or Enter, or press ? or * to list all spells.
Aiming: Corona
Press: ? - help, Shift-Dir - straight line, f - hound
Aim: a hound (chance to defeat MR: 65%)
The unseen horror is outlined in light.
An unseen horror comes into view.
The unseen horror hits you but does no damage.
The unseen horror hits you!
* * * LOW HITPOINT WARNING * * *
You hit the unseen horror. You burn the unseen horror.
The unseen horror is lightly wounded.
The unseen horror hits you but does no damage.
You hit the unseen horror. You burn the unseen horror.
The unseen horror is moderately wounded.
The unseen horror hits you!
You die...

▓+▓
▓.▓
▓r▓
▓y▓
▓S▓
▓h▓
▓x▓
▓@▓
▓.▓
▓.▓
▓.▓
▓.▓
▓.▓
▓)▓
▓|▓
▓.▓


You could see an unseen horror (invisible), a hound, a killer bee, an adder and
a quokka.

Vanquished Creatures
  A sky beast (D)
  A crimson imp (D)
  A hound (D)
  A shadow imp (D)
  A dart slug (D)
  An orc (D)
  A goblin (D)
  A hobgoblin (D)
  A jackal (D)
  A bat (D)
  A rat (D)
11 creatures vanquished.

Notes
Turn   | Place    | Note
-------+----------+-------------------------------------------
     0 | D        | Psiloshibe the Barachi Arcane Marksman began the quest for the Orb.
     0 | D        | Reached XP level 1. HP: 15/15 MP: 2/2
    18 | D        | Reached skill level 4 in Hexes
    29 | D        | Reached skill level 1 in Unarmed Combat
    32 | D        | Reached XP level 2. HP: 14/21 MP: 3/3
   119 | D        | Noticed a sky beast
   133 | D        | Reached skill level 1 in Armour
   137 | D        | HP: 1/22 [hound (3)]
   143 | D        | Reached skill level 5 in Hexes
   143 | D        | Reached XP level 3. HP: 28/28 MP: 1/5
   148 | D        | Killed a sky beast
   148 | D        | Reached skill level 6 in Hexes
   148 | D        | Reached XP level 4. HP: 38/38 MP: 2/7
   148 | D        | Reached XP level 5. HP: 43/43 MP: 2/8
   159 | D        | Found a roughly hewn altar of Beogh.
   159 | D        | Found a snail-covered altar of Cheibriados.
   159 | D        | Found a shadowy altar of Dithmenos.
   159 | D        | Found a white marble altar of Elyvilon.
   159 | D        | Found a blossoming altar of Fedhas.
   159 | D        | Found an opulent altar of Gozag.
   159 | D        | Found a hazy altar of Hepliaklqana.
   160 | D        | Found a viscous altar of Jiyva.
   161 | D        | Found an ancient bone altar of Kikubaaqudgha.
   162 | D        | Found a corrupted altar of Lugonu.
   163 | D        | Found a burning altar of Makhleb.
   164 | D        | Found a sparkling altar of Nemelex Xobeh.
   165 | D        | Found an iron altar of Okawaru.
   166 | D        | Found a stormy altar of Qazlal.
   167 | D        | Found a sacrificial altar of Ru.
   168 | D        | Found a deep blue altar of Sif Muna.
   169 | D        | Found a bloodstained altar of Trog.
   170 | D        | Found a hide-covered altar of Uskayaw.
   171 | D        | Found a radiant altar of Vehumet.
   172 | D        | Found an ornate altar of the Wu Jian Council.
   173 | D        | Found a shimmering altar of Xom.
   174 | D        | Became a worshipper of Warmaster Okawaru
   175 | D        | Found a basalt altar of Yredelemnul.
   176 | D        | Found a glowing silver altar of Zin.
   177 | D        | Found a glowing golden altar of the Shining One.
   196 | D        | Got the +2 morningstar of Yptokoyr {crush, Int+2}
   252 | D        | Reached skill level 1 in Long Blades
   252 | D        | Reached skill level 5 in Throwing
   253 | D        | Noticed an unseen horror
   255 | D        | Slain by an unseen horror

Skill      XL: |  1  2  3  4  5 |
---------------+----------------+-----
Hexes          | 4 5 6 |  6.4
Unarmed Combat | 1 2 3 |  3.7
Armour         | 2 4 |  4.5
Fighting       | 2 4 |  4.7
Throwing       | 3 4 5 |  5.0
Dodging        | 3 4 |  4.7
Spellcasting   | 2 |  2.8
Long Blades    | 1 |  1.0

Action                   |  1- 3 |  4- 6 || total
-------------------------+-------+-------++-------
Melee: Unarmed           |    43 |     1 ||    44
       Scimitar          |       |    21 ||    21
       Punch             |       |     1 ||     1
Throw: Javelin           |     8 |       ||     8
 Cast: Corona            |     4 |     3 ||     7
  Use: Potion            |     2 |       ||     2
Armor: Robe              |    18 |       ||    18
       Scale mail        |       |    22 ||    22
Dodge: Dodged            |    27 |    14 ||    41
       Rpst.: Scimitar   |       |     6 ||     6
